NYP
STATEN ISLAND YANKEES @ LOWELL SPINNERS
05/26/2048
 
TOP OF THE 1ST
Staten Island Yankees batting - Pitching for Lowell Spinners : LHP Ken Berger
Pitching: LHP Ken Berger
Batting: RHB Norimoto Miyanishi 0-0: Ball
1-0: Foul Ball, location: 2F
1-1: Foul Ball, location: 2F
1-2: Ball
2-2: Foul Ball, location: 2F
2-2: Strikes out swinging
Batting: LHB Dario Segura 0-0: Ball
1-0: Ball
2-0: Ball
3-0: Called Strike
3-1: Foul Ball, location: 2F
3-2: Fly out, F7 (Flyball, 78M, EV 72.5 MPH)
Batting: RHB Pat Pemberton 0-0: Ball
1-0: Ball
2-0: Called Strike
2-1: Ball
3-1: Foul Ball, location: 2F
3-2: Foul Ball, location: 2F
3-2: Base on Balls
Batting: SHB Tadaaki Kondo 0-0: Ball
1-0: Called Strike
1-1: Foul Ball, location: 2F
1-2: Ball
Wild Pitch!
Pat Pemberton to second
2-2: Strikes out swinging
Top of the 1st over - 0 runs, 0 hits, 0 errors, 1 left on base; Staten Island 0 - Lowell 0
BOTTOM OF THE 1ST
Lowell Spinners batting - Pitching for Staten Island Yankees : LHP Dustin Shaw
Pitching: LHP Dustin Shaw
Batting: RHB Aukukero Tairi 0-0: SINGLE (Groundball, 56D, EV 96.9 MPH)
Batting: RHB Xavier Joslin 0-0: Ball
1-0: SINGLE (Flyball, 89M, EV 99.4 MPH)
Aukukero Tairi to second
Runner from 2nd tries for 3rd, SAFE, throw by RF made to third
Batting: SHB Salvador Padilla 0-0: Foul Ball, location: 2F
0-1: Foul Ball, location: 2F
0-2: Ball
1-2: Foul Ball, location: 2F
1-2: DOUBLE (Groundball, 5L, EV 103.1 MPH)
Aukukero Tairi scores
Xavier Joslin to third
Batting: RHB Tony Gallegos 0-0: Called Strike
0-1: Swinging Strike
0-2: Strikes out swinging
Batting: RHB Mario Arriero 0-0: Ball
1-0: Ball
2-0: Ball
3-0: Base on Balls
Batting: RHB Mike Strey 0-0: Ball
1-0: Fly out, F3 (Popup, 23F, EV 84.4 MPH)
Batting: RHB Willie Camacho 0-0: Foul Ball, location: 2F
0-1: SINGLE (Line Drive, 78S, EV 103.1 MPH)
Xavier Joslin scores
Salvador Padilla to third
Mario Arriero to second
Batting: LHB Robert Gonzalez 0-0: SINGLE (Groundball, 4D, EV 98.8 MPH)
Salvador Padilla scores
Mario Arriero to third
Willie Camacho to second
Batting: RHB Rogelio Cervantes 0-0: Ball
1-0: Ball
2-0: Called Strike
2-1: Ground out U3 (Groundball, 3, EV 81.9 MPH)
Bottom of the 1st over - 3 runs, 5 hits, 0 errors, 3 left on base; Staten Island 0 - Lowell 3
TOP OF THE 2ND
Staten Island Yankees batting - Pitching for Lowell Spinners : LHP Ken Berger
Batting: LHB Mike Schermerhorn 0-0: Called Strike
0-1: Foul Ball, location: 2F
0-2: Foul Ball, location: 2F
0-2: Ball
1-2: Strikes out swinging
Batting: SHB Adam Slade 0-0: Swinging Strike
0-1: Called Strike
0-2: Ball
1-2: Ball
2-2: Foul Ball, location: 2F
2-2: Ball
3-2: DOUBLE (Groundball, 5L, EV 96.9 MPH)
Batting: RHB Daniel Underhay 0-0: 2-RUN HOME RUN (Flyball, 7LD, EV 95.6 MPH), Distance : 350 ft
Batting: RHB Danny Ayala 0-0: Called Strike
0-1: Swinging Strike
0-2: Ball
1-2: Foul Ball, location: 2F
1-2: Foul Ball, location: 2F
1-2: Strikes out swinging
Batting: LHB Danny de Leon 0-0: Called Strike
0-1: Called Strike
0-2: Ball
1-2: Strikes out swinging
Top of the 2nd over - 2 runs, 2 hits, 0 errors, 0 left on base; Staten Island 2 - Lowell 3
BOTTOM OF THE 2ND
Lowell Spinners batting - Pitching for Staten Island Yankees : LHP Dustin Shaw
Batting: RHB Aukukero Tairi 0-0: Fly out, F7 (Flyball, 7LM, EV 91.2 MPH)
Batting: RHB Xavier Joslin 0-0: Called Strike
0-1: Ball
1-1: Ball
2-1: Foul Ball, location: 2F
2-2: Ground out 4-3 (Groundball, 4, EV 80.6 MPH)
Batting: SHB Salvador Padilla 0-0: Foul Ball, location: 2F
0-1: Ball
1-1: Ball
2-1: Foul Ball, location: 2F
2-2: Fly out, F8 (Flyball, 8RD, EV 93.8 MPH)
Bottom of the 2nd over - 0 runs, 0 hits, 0 errors, 0 left on base; Staten Island 2 - Lowell 3
TOP OF THE 3RD
Staten Island Yankees batting - Pitching for Lowell Spinners : LHP Ken Berger
Batting: RHB Norimoto Miyanishi 0-0: Ball
1-0: Ball
2-0: Foul Ball, location: 2F
2-1: Fly out, F4 (Line Drive, 4M, EV 71.9 MPH)
Batting: LHB Dario Segura 0-0: Ball
1-0: Foul Ball, location: 2F
1-1: Ground out 4-3 (Groundball, 4S, EV 86.2 MPH)
Batting: RHB Pat Pemberton 0-0: Ball
1-0: Foul Ball, location: 2F
1-1: Swinging Strike
1-2: Ball
2-2: SINGLE (Line Drive, 9S, EV 113.8 MPH)
Batting: SHB Tadaaki Kondo 0-0: Ball
1-0: Foul Ball, location: 2F
1-1: Swinging Strike
1-2: Strikes out swinging
Top of the 3rd over - 0 runs, 1 hit, 0 errors, 1 left on base; Staten Island 2 - Lowell 3
BOTTOM OF THE 3RD
Lowell Spinners batting - Pitching for Staten Island Yankees : LHP Dustin Shaw
Batting: RHB Tony Gallegos 0-0: SINGLE (Line Drive, 8LS, EV 90.0 MPH)
Batting: RHB Mario Arriero 0-0: Ball
1-0: Fielders Choice at 2nd, 5-4 (Groundball, 56, EV 96.9 MPH)
Batting: RHB Mike Strey 0-0: Foul Ball, location: 2F
0-1: Swinging Strike
0-2: Ball
1-2: Strikes out swinging
Batting: RHB Willie Camacho 0-0: Ball
1-0: Foul Ball, location: 2F
1-1: Called Strike
1-2: Ball
2-2: Strikes out looking
Bottom of the 3rd over - 0 runs, 1 hit, 0 errors, 1 left on base; Staten Island 2 - Lowell 3
TOP OF THE 4TH
Staten Island Yankees batting - Pitching for Lowell Spinners : LHP Ken Berger
Batting: LHB Mike Schermerhorn 0-0: Foul Ball, location: 2F
0-1: Swinging Strike
0-2: Ball
1-2: Ball
2-2: Foul Ball, location: 2F
2-2: Strikes out swinging
Batting: SHB Adam Slade 0-0: Called Strike
0-1: Foul Ball, location: 2F
0-2: Hit by Pitch
Batting: RHB Daniel Underhay 0-0: Called Strike
0-1: Foul Ball, location: 2F
0-2: Ball
1-2: Grounds into double play, 4-6-3 (Groundball, 4, EV 80.6 MPH)
Top of the 4th over - 0 runs, 0 hits, 0 errors, 0 left on base; Staten Island 2 - Lowell 3
BOTTOM OF THE 4TH
Lowell Spinners batting - Pitching for Staten Island Yankees : LHP Dustin Shaw
Batting: LHB Robert Gonzalez 0-0: Ball
1-0: Foul Ball, location: 2F
1-1: Called Strike
1-2: Ball
2-2: Foul Ball, location: 2F
2-2: Fly out, F7 (Line Drive, 7S, EV 111.2 MPH)
Batting: RHB Rogelio Cervantes 0-0: Called Strike
0-1: Called Strike
0-2: Foul Ball, location: 2F
0-2: Ball
1-2: SINGLE (Groundball, 56, EV 101.2 MPH)
Batting: RHB Aukukero Tairi 0-0: Ball
Rogelio Cervantes steals 2nd base
1-0: Called Strike
Rogelio Cervantes steals 3rd base
1-1: Ball
2-1: Ground out 4-3 (Groundball, 4, EV 102.5 MPH)
Rogelio Cervantes scores
Batting: RHB Xavier Joslin 0-0: Foul Ball, location: 2F
0-1: Ball
1-1: Ball
2-1: DOUBLE (Flyball, 89XD, EV 102.5 MPH)
Batting: SHB Salvador Padilla 0-0: SINGLE (Line Drive, 6D, EV 99.4 MPH)
Xavier Joslin to third
Runner from 3rd tries for Home, SAFE, throw by CF to home
Batting: RHB Tony Gallegos 0-0: Foul Ball, location: 2F
0-1: Foul Ball, location: 2F
0-2: Strikes out swinging
Bottom of the 4th over - 2 runs, 3 hits, 0 errors, 1 left on base; Staten Island 2 - Lowell 5
TOP OF THE 5TH
Staten Island Yankees batting - Pitching for Lowell Spinners : LHP Ken Berger
Batting: RHB Danny Ayala 0-0: Ball
1-0: Foul Ball, location: 2F
1-1: Fly out, F6 (Popup, 6M, EV 58.8 MPH)
Batting: LHB Danny de Leon 0-0: Ball
1-0: Foul Ball, location: 2F
1-1: Swinging Strike
1-2: Ball
2-2: Foul Ball, location: 2F
2-2: DOUBLE (Line Drive, 8RXD, EV 105.0 MPH)
Batting: RHB Norimoto Miyanishi 0-0: Foul Ball, location: 2F
0-1: Ball
1-1: SINGLE (Line Drive, 9S, EV 89.4 MPH)
Danny de Leon to third
Batting: LHB Dario Segura 0-0: Swinging Strike
0-1: Foul Ball, location: 2F
0-2: Ball
1-2: Ball
2-2: Strikes out swinging
Batting: RHB Pat Pemberton 0-0: Ball
1-0: Swinging Strike
1-1: Ball
2-1: Ball
3-1: Base on Balls
Norimoto Miyanishi to second
Batting: SHB Tadaaki Kondo 0-0: Ball
1-0: Foul Ball, location: 2F
1-1: GRAND SLAM HOME RUN (Flyball, 7D, EV 96.2 MPH), Distance : 390 ft
Pitching: LHP Chris Deans
Batting: LHB Mike Schermerhorn 0-0: Ball
1-0: Called Strike
1-1: Ball
2-1: Called Strike
2-2: Ball
3-2: Ground out 3-1 (Groundball, 34S, EV 85.0 MPH)
Top of the 5th over - 4 runs, 3 hits, 0 errors, 0 left on base; Staten Island 6 - Lowell 5
BOTTOM OF THE 5TH
Lowell Spinners batting - Pitching for Staten Island Yankees : LHP Dustin Shaw
Batting: RHB Mario Arriero 0-0: Ball
1-0: Called Strike
1-1: Ball
2-1: Ball
3-1: Foul Ball, location: 2F
3-2: Strikes out swinging
Batting: RHB Mike Strey 0-0: Called Strike
0-1: Ball
1-1: Called Strike
1-2: Ball
2-2: Foul Ball, location: 2F
2-2: Ground out 1-3 (Groundball, 15S, EV 73.8 MPH)
Batting: RHB Willie Camacho 0-0: Ball
1-0: Called Strike
1-1: Ball
2-1: Foul Ball, location: 2F
2-2: Ball
3-2: Fly out, F7 (Line Drive, 7, EV 88.1 MPH)
Bottom of the 5th over - 0 runs, 0 hits, 0 errors, 0 left on base; Staten Island 6 - Lowell 5
TOP OF THE 6TH
Staten Island Yankees batting - Pitching for Lowell Spinners : LHP Chris Deans
Batting: SHB Adam Slade 0-0: Ball
1-0: Called Strike
1-1: Ground out 5-3 (Groundball, 56S, EV 81.2 MPH)
Batting: RHB Daniel Underhay 0-0: Called Strike
0-1: Ball
1-1: Foul Ball, location: 2F
1-2: Strikes out swinging
Batting: RHB Danny Ayala 0-0: SINGLE (Flyball, 5D, EV 89.4 MPH)
Batting: LHB Danny de Leon 0-0: Ground out 4-3 (Groundball, 4, EV 91.9 MPH)
Top of the 6th over - 0 runs, 1 hit, 0 errors, 1 left on base; Staten Island 6 - Lowell 5
BOTTOM OF THE 6TH
Lowell Spinners batting - Pitching for Staten Island Yankees : LHP Dustin Shaw
Pitching: LHP Colin Scott
Pinch Hitting: RHB Guillermo Quintero 0-0: Ball
1-0: Swinging Strike
1-1: Ball
2-1: Ball
3-1: Base on Balls
Batting: RHB Rogelio Cervantes 0-0: Ball
1-0: Foul Ball, location: 2F
1-1: Swinging Strike
1-2: Strikes out swinging
Batting: RHB Aukukero Tairi 0-0: Called Strike
Guillermo Quintero steals 2nd base
0-1: Ball
Passed Ball!
Guillermo Quintero to third
1-1: Swinging Strike
1-2: Ball
2-2: Foul Ball, location: 2F
2-2: Ball
3-2: SINGLE (Groundball, 56, EV 96.2 MPH)
Guillermo Quintero scores
Batting: RHB Xavier Joslin 0-0: Ball
1-0: Called Strike
1-1: Ball
Aukukero Tairi steals 2nd base
2-1: Ball
3-1: SINGLE (Groundball, 56D, EV 106.2 MPH) (infield hit)
Aukukero Tairi to third
Pitching: RHP Nick Peters
Batting: SHB Salvador Padilla 0-0: Called Strike
Balk!
Aukukero Tairi scores
Xavier Joslin to second
0-1: Ball
1-1: Fly out, F7 (Line Drive, 78M, EV 107.5 MPH)
Batting: RHB Tony Gallegos 0-0: Called Strike
0-1: Foul Ball, location: 2F
0-2: Foul Ball, location: 2F
0-2: Ball
1-2: Ground out 5-3 (Groundball, 56, EV 99.4 MPH)
Bottom of the 6th over - 2 runs, 2 hits, 0 errors, 1 left on base; Staten Island 6 - Lowell 7
TOP OF THE 7TH
Staten Island Yankees batting - Pitching for Lowell Spinners : LHP Chris Deans
Now in RF: Curt Stallings
Batting: RHB Norimoto Miyanishi 0-0: SINGLE (Line Drive, 8RS, EV 91.9 MPH)
Batting: RHB Brad Wren 0-0: Bunt missed!
0-1: Ball
1-1: Ball
2-1: Ball
3-1: Ball
Norimoto Miyanishi to second
Batting: RHB Pat Pemberton 0-0: Foul Ball, location: 2F
0-1: Ball
1-1: Foul Ball, location: 2F
1-2: Strikes out looking
Batting: SHB Tadaaki Kondo 0-0: Ball
1-0: Ball
2-0: Ball
3-0: Base on Balls
Norimoto Miyanishi to third
Brad Wren to second
Pinch Hitting: RHB Jesus Ruiz 0-0: Ball
1-0: Ball
2-0: Foul Ball, location: 2F
2-1: Called Strike
2-2: Ball
3-2: SINGLE (Groundball, 56, EV 98.8 MPH)
Norimoto Miyanishi scores
Brad Wren to third
Tadaaki Kondo to second
Runner from 3rd tries for Home, SAFE, throw by LF to home
Batting: SHB Adam Slade 0-0: Called Strike
0-1: Foul Ball, location: 2F
0-2: Ball
1-2: Fly out, F8 (Flyball, 8LD, EV 93.8 MPH)
Runner from 2nd tags up, SAFE at 3rd with throw by CF
Pitching: RHP Tyler Tomblin
Batting: RHB Daniel Underhay 0-0: Called Strike
0-1: Ball
1-1: Fielders Choice at 2nd, 6-4 (Groundball, 6, EV 89.4 MPH)
Top of the 7th over - 2 runs, 2 hits, 0 errors, 2 left on base; Staten Island 8 - Lowell 7
BOTTOM OF THE 7TH
Lowell Spinners batting - Pitching for Staten Island Yankees : RHP Nick Peters
Now in LF: Jon Pierce
Batting: RHB Mario Arriero 0-0: Ball
1-0: Ground out 4-3 (Groundball, 4, EV 104.4 MPH)
Batting: RHB Mike Strey 0-0: DOUBLE (Line Drive, 5D, EV 98.8 MPH)
Pinch Hitting: LHB Nelis Geurts 0-0: Ball
1-0: SINGLE (Line Drive, 89S, EV 86.9 MPH)
Mike Strey to third
Batting: RHB Curt Stallings 0-0: Ball
Passed Ball!
Mike Strey scores
Nelis Geurts to second
1-0: Intentional Walk
Batting: RHB Rogelio Cervantes 0-0: Ball
1-0: Called Strike
1-1: Foul Ball, location: 2F
1-2: Foul Ball, location: 2F
1-2: Ball
2-2: Ground out 5-3 (Groundball, 56S, EV 73.8 MPH)
Nelis Geurts to third
Curt Stallings to second
Pitching: RHP Nate LaCava
Batting: RHB Aukukero Tairi 0-0: Called Strike
0-1: Swinging Strike
0-2: Ball
1-2: Ball
2-2: Ball
3-2: Fly out, F8 (Line Drive, 8RM, EV 89.4 MPH)
Bottom of the 7th over - 1 run, 2 hits, 0 errors, 2 left on base; Staten Island 8 - Lowell 8
TOP OF THE 8TH
Staten Island Yankees batting - Pitching for Lowell Spinners : RHP Tyler Tomblin
Now at 2B: Randy Schmitt
Batting: RHB Danny Ayala 0-0: Called Strike
0-1: Ground out 4-3 (Groundball, 4, EV 85.0 MPH)
Batting: LHB Danny de Leon 0-0: Ball
1-0: Called Strike
1-1: Called Strike
1-2: Strikes out swinging
Batting: RHB Norimoto Miyanishi 0-0: Swinging Strike
0-1: Ground out 6-3 (Groundball, 6M, EV 106.9 MPH)
Top of the 8th over - 0 runs, 0 hits, 0 errors, 0 left on base; Staten Island 8 - Lowell 8
BOTTOM OF THE 8TH
Lowell Spinners batting - Pitching for Staten Island Yankees : RHP Nate LaCava
Batting: RHB Xavier Joslin 0-0: Ball
1-0: Ball
2-0: Ball
3-0: Called Strike
3-1: Foul Ball, location: 2F
3-2: Foul Ball, location: 2F
3-2: Base on Balls
Batting: SHB Salvador Padilla 0-0: Ball
1-0: Called Strike
1-1: TRIPLE (Line Drive, 89XD, EV 98.1 MPH)
Xavier Joslin scores
Batting: RHB Tony Gallegos 0-0: Called Strike
0-1: Swinging Strike
0-2: Ball
1-2: Foul Ball, location: 2F
1-2: Ball
2-2: SINGLE (Groundball, 56D, EV 96.2 MPH)
Salvador Padilla scores
Batting: RHB Mario Arriero 0-0: DOUBLE (Flyball, 8RD, EV 96.2 MPH)
Tony Gallegos to third
Batting: RHB Mike Strey 0-0: Ball
1-0: Called Strike
1-1: Called Strike
1-2: Ball
2-2: Ball
3-2: Foul Ball, location: 2F
3-2: Ground out U3 (Groundball, 34S, EV 76.2 MPH)
Batting: RHB Randy Schmitt 0-0: SINGLE (Groundball, 4MD, EV 97.5 MPH)
Tony Gallegos scores
Mario Arriero to third
Runner from 3rd tries for Home, SAFE, throw by CF to home
Batting: RHB Curt Stallings 0-0: Called Strike
0-1: Foul Ball, location: 2F
0-2: Ball
1-2: Ball
2-2: Strikes out looking
Batting: RHB Rogelio Cervantes 0-0: Ball
Randy Schmitt is caught stealing 2nd base 2-4
Bottom of the 8th over - 4 runs, 4 hits, 0 errors, 0 left on base; Staten Island 8 - Lowell 12
TOP OF THE 9TH
Staten Island Yankees batting - Pitching for Lowell Spinners : RHP Tyler Tomblin
Batting: RHB Brad Wren 0-0: Foul Ball, location: 2F
0-1: Ball
1-1: Ball
2-1: Ball
3-1: Foul Ball, location: 2F
3-2: Foul Ball, location: 2F
3-2: Base on Balls
Batting: RHB Pat Pemberton 0-0: Called Strike
0-1: Foul Ball, location: 2F
0-2: Strikes out looking
Batting: SHB Tadaaki Kondo 0-0: Ball
1-0: Called Strike
1-1: Ball
2-1: SINGLE (Line Drive, 56D, EV 98.1 MPH)
Brad Wren to second
Pitching: RHP Tim Tucker
Batting: RHB Jon Pierce 0-0: Grounds into double play, 4-6-3 (Groundball, 4, EV 88.1 MPH)
Top of the 9th over - 0 runs, 1 hit, 0 errors, 1 left on base; Staten Island 8 - Lowell 12
Tuesday, March 28th , 2023 - OOTP Baseball 23.10 Build 110